SL
CHICAGO GOLD SOX @ ATHLETIC CLUB KC
07/09/2031
 
TOP OF THE 1ST
Chicago Gold Sox batting - Pitching for Athletic Club KC : RHP Sook Sung-Man
Pitching: RHP Sook Sung-Man
Batting: LHB Noel Ballard 0-0: Foul Ball, location: 2F
0-1: Foul Ball, location: 2F
0-2: Ball
1-2: Foul Ball, location: 2F
1-2: Foul Ball, location: 2F
1-2: Foul Ball, location: 2F
1-2: Ball
2-2: Foul Ball, location: 2F
2-2: Foul Ball, location: 2F
2-2: Ball
3-2: Ground out U3 (Groundball, 34)
Batting: RHB Hirohisa Ogasawara 0-0: DOUBLE (Flyball, 89D)
Batting: SHB Lupo Cotto 0-0: Ball
1-0: SINGLE (Groundball, 4MD)
Hirohisa Ogasawara to third
Runner from 3rd tries for Home, SAFE, no throw
Batting: RHB Zeus Preckwinkle 0-0: Ball
1-0: Foul Ball, location: 2F
1-1: Foul Ball, location: 2F
1-2: Foul Ball, location: 2F
1-2: Ball
2-2: Foul Ball, location: 2F
2-2: Foul Ball, location: 2F
2-2: SINGLE (Groundball, 56) (infield hit)
Lupo Cotto to second
Batting: RHB Ben Kennerly 0-0: Ball
1-0: Called Strike
1-1: Ball
2-1: Ball
3-1: Swinging Strike
3-2: Reached on error, E3 (Groundball, 34S)
Lupo Cotto to third
Zeus Preckwinkle to second
Batting: RHB Jorge Baker 0-0: Ball
1-0: Ball
2-0: Swinging Strike
2-1: Reached on error, E3 (Groundball, 34S)
Lupo Cotto scores
Zeus Preckwinkle to third
Ben Kennerly to second
Batting: LHB Sergio Rodríguez 0-0: Fielders Choice at 2nd, 3-6 (Groundball, 3)
Zeus Preckwinkle scores
Ben Kennerly to third
Batting: LHB Eddie Flynn 0-0: Called Strike
Sergio Rodríguez steals 2nd base
0-1: Foul Ball, location: 2F
0-2: Ball
1-2: Ball
2-2: Strikes out swinging
Top of the 1st over - 3 runs, 3 hits, 2 errors, 2 left on base; Chicago 3 - Athletic Club KC 0
BOTTOM OF THE 1ST
Athletic Club KC batting - Pitching for Chicago Gold Sox : RHP Tom McKee
Pitching: RHP Tom McKee
Batting: RHB Richard Younger 0-0: Called Strike
0-1: Ball
1-1: Foul Ball, location: 2F
1-2: Foul Ball, location: 2F
1-2: Ball
2-2: Ball
3-2: Ground out 5-3 (Groundball, 5)
Batting: RHB Jesús Vargas 0-0: Fly out, F8 (Flyball, 89XD)
Batting: LHB Tsai Ng 0-0: Fly out, F9 (Flyball, 9S)
Bottom of the 1st over - 0 runs, 0 hits, 0 errors, 0 left on base; Chicago 3 - Athletic Club KC 0
TOP OF THE 2ND
Chicago Gold Sox batting - Pitching for Athletic Club KC : RHP Sook Sung-Man
Batting: LHB Shigenobu Ohayashi 0-0: SINGLE (Groundball, 34D)
Batting: LHB Noel Ballard 0-0: Called Strike
0-1: Ball
1-1: Called Strike
1-2: Foul Ball, location: 2F
1-2: Ball
2-2: Foul Ball, location: 2F
2-2: Foul Ball, location: 2F
2-2: Ball
Pickoff Throw to First - Error! E1
Shigenobu Ohayashi to second
3-2: Foul Ball, location: 2F
3-2: Fly out, F6 (Popup, 6D)
Batting: RHB Hirohisa Ogasawara 0-0: Ball
Shigenobu Ohayashi steals 3rd base
1-0: Swinging Strike
1-1: Fly out, F4 (Line Drive, 4)
Batting: SHB Lupo Cotto 0-0: Ball
1-0: Called Strike
1-1: Ball
2-1: Ground out 1-3 (Groundball, P)
Top of the 2nd over - 0 runs, 1 hit, 1 error, 1 left on base; Chicago 3 - Athletic Club KC 0
BOTTOM OF THE 2ND
Athletic Club KC batting - Pitching for Chicago Gold Sox : RHP Tom McKee
Batting: SHB Pedro Vázquez 0-0: Called Strike
0-1: Ball
1-1: Fly out, F9 (Flyball, 9)
Batting: LHB Jesús Reyes 0-0: Called Strike
0-1: Called Strike
0-2: Strikes out swinging
Batting: SHB Sul-shik Yu 0-0: Called Strike
0-1: Ground out 5-3 (Groundball, 56)
Bottom of the 2nd over - 0 runs, 0 hits, 0 errors, 0 left on base; Chicago 3 - Athletic Club KC 0
TOP OF THE 3RD
Chicago Gold Sox batting - Pitching for Athletic Club KC : RHP Sook Sung-Man
Batting: RHB Zeus Preckwinkle 0-0: Ball
1-0: Swinging Strike
1-1: Fly out, F9 (Flyball, 9S)
Batting: RHB Ben Kennerly 0-0: Ball
1-0: Ground out 1-3 (Groundball, P)
Batting: RHB Jorge Baker 0-0: Foul Ball, location: 2F
0-1: Ball
1-1: Ball
2-1: Foul Ball, location: 2F
2-2: Ball
3-2: Base on Balls
Batting: LHB Sergio Rodríguez 0-0: Ball
1-0: Ground out 4-3 (Groundball, 34)
Top of the 3rd over - 0 runs, 0 hits, 0 errors, 1 left on base; Chicago 3 - Athletic Club KC 0
BOTTOM OF THE 3RD
Athletic Club KC batting - Pitching for Chicago Gold Sox : RHP Tom McKee
Batting: RHB Pil-joong Pak 0-0: Called Strike
0-1: Called Strike
0-2: Ground out 6-3 (Groundball, 6)
Batting: RHB Pedro Solís 0-0: Ball
1-0: Called Strike
1-1: Foul Ball, location: 2F
1-2: Ground out 6-3 (Groundball, 6)
Batting: RHB Khal Drogo 0-0: Swinging Strike
0-1: Ball
1-1: Foul Ball, location: 2F
1-2: Fly out, F7 (Flyball, 7LSF)
Bottom of the 3rd over - 0 runs, 0 hits, 0 errors, 0 left on base; Chicago 3 - Athletic Club KC 0
TOP OF THE 4TH
Chicago Gold Sox batting - Pitching for Athletic Club KC : RHP Sook Sung-Man
Batting: LHB Eddie Flynn 0-0: Ball
1-0: Foul Ball, location: 2F
1-1: Foul Ball, location: 2F
1-2: SINGLE (Groundball, 4MD)
Batting: LHB Shigenobu Ohayashi 0-0: Ball
1-0: Ball
2-0: Called Strike
2-1: Foul Ball, location: 2F
2-2: Ball
3-2: Grounds into double play, 4-6-3 (Groundball, 4)
Batting: LHB Noel Ballard 0-0: Foul Ball, location: 2F
0-1: Ball
1-1: Ball
2-1: Foul Ball, location: 2F
2-2: Strikes out swinging
Top of the 4th over - 0 runs, 1 hit, 0 errors, 0 left on base; Chicago 3 - Athletic Club KC 0
BOTTOM OF THE 4TH
Athletic Club KC batting - Pitching for Chicago Gold Sox : RHP Tom McKee
Batting: RHB Richard Younger 0-0: Called Strike
0-1: Foul Ball, location: 2F
0-2: Foul Ball, location: 2F
0-2: Ball
1-2: Foul Ball, location: 2F
1-2: Ball
2-2: Ball
3-2: Fly out, F5 (Line Drive, 5)
Batting: RHB Jesús Vargas 0-0: Ball
1-0: Called Strike
1-1: Ball
2-1: Ball
3-1: Foul Ball, location: 2F
3-2: Base on Balls
Batting: LHB Tsai Ng 0-0: Ball
Jesús Vargas steals 2nd base
1-0: Ball
2-0: Called Strike
2-1: Swinging Strike
2-2: Ground out 4-3 (Groundball, 4)
Jesús Vargas to third
Batting: SHB Pedro Vázquez 0-0: Called Strike
0-1: Ball
1-1: Ground out 3-1 (Groundball, 34)
Bottom of the 4th over - 0 runs, 0 hits, 0 errors, 1 left on base; Chicago 3 - Athletic Club KC 0
TOP OF THE 5TH
Chicago Gold Sox batting - Pitching for Athletic Club KC : RHP Sook Sung-Man
Batting: RHB Hirohisa Ogasawara 0-0: Ball
1-0: Ball
2-0: Ball
3-0: Called Strike
3-1: Ground out 5-3 (Groundball, 5)
Batting: SHB Lupo Cotto 0-0: Called Strike
0-1: Ball
1-1: Ball
2-1: SOLO HOME RUN (Flyball, 9LD), Distance : 339 ft
Batting: RHB Zeus Preckwinkle 0-0: Ball
1-0: Foul Ball, location: 2F
1-1: Fly out, F8 (Flyball, 8LS)
Batting: RHB Ben Kennerly 0-0: Called Strike
0-1: Ball
1-1: Fly out, F1 (Line Drive, 15)
Top of the 5th over - 1 run, 1 hit, 0 errors, 0 left on base; Chicago 4 - Athletic Club KC 0
BOTTOM OF THE 5TH
Athletic Club KC batting - Pitching for Chicago Gold Sox : RHP Tom McKee
Batting: LHB Jesús Reyes 0-0: Ball
1-0: Foul Ball, location: 2F
1-1: Foul Ball, location: 2F
1-2: Foul Ball, location: 2F
1-2: Ball
2-2: Ground out 1-3 (Groundball, 13S)
Batting: SHB Sul-shik Yu 0-0: Fly out, F5 (Popup, 25F)
Batting: RHB Pil-joong Pak 0-0: Called Strike
0-1: Ball
1-1: Ball
2-1: Foul Ball, location: 2F
2-2: Foul Ball, location: 2F
2-2: Fly out, F7 (Line Drive, 7)
Bottom of the 5th over - 0 runs, 0 hits, 0 errors, 0 left on base; Chicago 4 - Athletic Club KC 0
TOP OF THE 6TH
Chicago Gold Sox batting - Pitching for Athletic Club KC : RHP Sook Sung-Man
Batting: RHB Jorge Baker 0-0: Ball
1-0: Called Strike
1-1: Ball
2-1: Foul Ball, location: 2F
2-2: SINGLE (Line Drive, 7S)
Batting: LHB Sergio Rodríguez 0-0: Called Strike
0-1: Swinging Strike
0-2: Foul Ball, location: 2F
0-2: Fly out, F4 (Popup, 4MD)
Batting: LHB Eddie Flynn 0-0: Called Strike
0-1: SINGLE (Groundball, 34D)
Jorge Baker to second
Runner from 2nd tries for 3rd, SAFE, no throw
Pitching: RHP Felipe Aiba
Batting: LHB Shigenobu Ohayashi 0-0: Fly out, F4 (Line Drive, 34)
Batting: LHB Noel Ballard 0-0: Foul Ball, location: 2F
0-1: Called Strike
0-2: Ball
1-2: Ball
2-2: Ball
3-2: Base on Balls
Eddie Flynn to second
Batting: RHB Hirohisa Ogasawara 0-0: Called Strike
0-1: Foul Ball, location: 2F
0-2: Foul Ball, location: 2F
0-2: Ball
1-2: Ball
2-2: Strikes out swinging
Top of the 6th over - 0 runs, 2 hits, 0 errors, 3 left on base; Chicago 4 - Athletic Club KC 0
BOTTOM OF THE 6TH
Athletic Club KC batting - Pitching for Chicago Gold Sox : RHP Tom McKee
Batting: RHB Pedro Solís 0-0: Fly out, F8 (Flyball, 8LD)
Batting: RHB Khal Drogo 0-0: Swinging Strike
0-1: Ball
1-1: Ball
2-1: Swinging Strike
2-2: Strikes out swinging
Batting: RHB Richard Younger 0-0: Foul Ball, location: 2F
0-1: Called Strike
0-2: Strikes out swinging
Bottom of the 6th over - 0 runs, 0 hits, 0 errors, 0 left on base; Chicago 4 - Athletic Club KC 0
TOP OF THE 7TH
Chicago Gold Sox batting - Pitching for Athletic Club KC : RHP Felipe Aiba
Batting: SHB Lupo Cotto 0-0: Ball
1-0: Ground out 4-3 (Groundball, 4M)
Batting: RHB Zeus Preckwinkle 0-0: Ball
1-0: Called Strike
1-1: Called Strike
1-2: Foul Ball, location: 2F
1-2: Strikes out swinging
Batting: RHB Ben Kennerly 0-0: Called Strike
0-1: Ground out 1-3 (Groundball, P)
Top of the 7th over - 0 runs, 0 hits, 0 errors, 0 left on base; Chicago 4 - Athletic Club KC 0
BOTTOM OF THE 7TH
Athletic Club KC batting - Pitching for Chicago Gold Sox : RHP Tom McKee
Batting: RHB Jesús Vargas 0-0: Called Strike
0-1: Ground out 4-3 (Groundball, 4)
Batting: LHB Tsai Ng 0-0: Called Strike
0-1: Foul Ball, location: 2F
0-2: Ball
1-2: Ball
2-2: Ground out U3 (Groundball, 3)
Batting: SHB Pedro Vázquez 0-0: Foul Ball, location: 2F
0-1: Ball
1-1: Foul Ball, location: 2F
1-2: Foul Ball, location: 2F
1-2: Ball
2-2: Ball
3-2: Foul Ball, location: 2F
3-2: Foul Ball, location: 2F
3-2: Base on Balls
Batting: LHB Jesús Reyes 0-0: Called Strike
0-1: Swinging Strike
0-2: Foul Ball, location: 2F
0-2: Foul Ball, location: 2F
0-2: Ground out 4-3 (Groundball, 4)
Bottom of the 7th over - 0 runs, 0 hits, 0 errors, 1 left on base; Chicago 4 - Athletic Club KC 0
TOP OF THE 8TH
Chicago Gold Sox batting - Pitching for Athletic Club KC : RHP Felipe Aiba
Batting: RHB Jorge Baker 0-0: Called Strike
0-1: Ball
1-1: Ball
2-1: Ball
3-1: Foul Ball, location: 2F
3-2: Strikes out swinging
Batting: LHB Sergio Rodríguez 0-0: Ball
1-0: Ball
2-0: Swinging Strike
2-1: Fly out, F4 (Line Drive, 4)
Batting: LHB Eddie Flynn 0-0: Foul Ball, location: 2F
0-1: Ball
1-1: Swinging Strike
1-2: Ball
2-2: Foul Ball, location: 2F
2-2: Foul Ball, location: 2F
2-2: Strikes out swinging
Top of the 8th over - 0 runs, 0 hits, 0 errors, 0 left on base; Chicago 4 - Athletic Club KC 0
BOTTOM OF THE 8TH
Athletic Club KC batting - Pitching for Chicago Gold Sox : RHP Tom McKee
Batting: SHB Sul-shik Yu 0-0: Foul Ball, location: 2F
0-1: Ball
1-1: Called Strike
1-2: Ball
2-2: Ball
3-2: Foul Ball, location: 2F
3-2: Base on Balls
Batting: RHB Pil-joong Pak 0-0: Called Strike
0-1: Swinging Strike
0-2: Ball
1-2: Fly out, F2 (Popup, 2RF)
Batting: RHB Pedro Solís 0-0: Grounds into double play, 5-4-3 (Groundball, 56)
Bottom of the 8th over - 0 runs, 0 hits, 0 errors, 0 left on base; Chicago 4 - Athletic Club KC 0
TOP OF THE 9TH
Chicago Gold Sox batting - Pitching for Athletic Club KC : RHP Felipe Aiba
Pitching: RHP Raúl Luna
Batting: LHB Shigenobu Ohayashi 0-0: Called Strike
0-1: Ball
1-1: Ball
2-1: Called Strike
2-2: DOUBLE (Flyball, 78D)
Batting: LHB Noel Ballard 0-0: Intentional Walk
Batting: RHB Hirohisa Ogasawara 0-0: Called Strike
0-1: Swinging Strike
0-2: Strikes out looking
Batting: SHB Lupo Cotto 0-0: Swinging Strike
0-1: Ball
1-1: Swinging Strike
1-2: Strikes out swinging
Batting: RHB Zeus Preckwinkle 0-0: Called Strike
0-1: Ball
1-1: Ball
2-1: Foul Ball, location: 2F
2-2: Ground out U3 (Groundball, 34)
Top of the 9th over - 0 runs, 1 hit, 0 errors, 2 left on base; Chicago 4 - Athletic Club KC 0
BOTTOM OF THE 9TH
Athletic Club KC batting - Pitching for Chicago Gold Sox : RHP Tom McKee
Batting: RHB Khal Drogo 0-0: Swinging Strike
0-1: Foul Ball, location: 2F
0-2: Ball
1-2: SINGLE (Groundball, 56D)
Pitching: RHP Shuntavyious Primes-Willes
Batting: RHB Richard Younger 0-0: Called Strike
0-1: Ball
1-1: Ball
2-1: Ball
3-1: Fly out, F7 (Flyball, 7S)
Batting: RHB Jesús Vargas 0-0: Swinging Strike
0-1: Ball
1-1: SINGLE (Line Drive, 9S)
Khal Drogo to second
Batting: LHB Tsai Ng 0-0: Called Strike
0-1: Ball
1-1: Foul Ball, location: 2F
1-2: Ground out 6-3 (Groundball, 6S)
Khal Drogo to third
Jesús Vargas to second
Batting: SHB Pedro Vázquez 0-0: Ball
1-0: Ball
2-0: Foul Ball, location: 2F
2-1: Foul Ball, location: 2F
2-2: Ground out 3-1 (Groundball, 34)
Bottom of the 9th over - 0 runs, 2 hits, 0 errors, 2 left on base; Chicago 4 - Athletic Club KC 0
Tuesday, June 12th, 2018 - OOTP Baseball 18.8 Build 76